 Dungeon Crawl Stone Soup version 0.23.1 (webtiles) character file.

Game seed: 9563214043727799788

485 Kniotic the Insei (level 6, -8/47 HPs)
             Began as a Demonspawn Monk on Mar 6, 2019.
             Mangled by Crazy Yiuf
             ... wielding a +4 quarterstaff of chaos
              (15 damage)
             ... while paralysed by Crazy Yiuf
             ... on level 4 of the Dungeon.
             The game lasted 00:04:11 (5075 turns).

Kniotic the Insei (Demonspawn Monk)                 Turns: 5075, Time: 00:04:12

Health: -8/47      AC:  6    Str: 10    XL:     6   Next: 88%
Magic:  4/6        EV:  2    Int: 19    God:
Gold:   161        SH:  0    Dex: 17    Spells: 5/5 levels left

rFire    + . .     SeeInvis .     - Unarmed
rCold    . . .     Gourm    .   (no shield)
rNeg     . . .     Faith    .   a - +0 robe
rPois    .         Spirit   .   v - +0 helmet "Wocoala" {rF+ Str-2 Int+8}
rElec    .         Reflect  .   (no cloak)
rCorr    .         Harm     .   s - +0 pair of gloves
MR       .....                  (no boots)
Stlth    ++........             (no amulet)
HPRegen  0.15/turn              (no ring)
MPRegen  0.10/turn              (no ring)

@: paralysed, lightly drained
A: yellow scales 1
a: no special abilities


You were on level 4 of the Dungeon.
You were very hungry.

You visited 1 branch of the dungeon, and saw 4 of its levels.

You collected 161 gold pieces.

Inventory:

Armour
 a - a +0 robe (worn)
 s - a +0 pair of gloves (worn)
 v - the +0 helmet "Wocoala" (worn) {rF+ Str-2 Int+8}
   (You took it off Robin on level 4 of the Dungeon)

   It affects your strength (-2).
   It affects your intelligence (+8).
   It protects you from fire.
Wands
 d - a wand of random effects (16)
 o - a wand of flame (15)
Scrolls
 c - a scroll of magic mapping {unknown}
 e - 5 scrolls of teleportation {unknown}
 h - 6 scrolls of identify {unknown}
 k - 2 scrolls of enchant armour {unknown}
 l - 2 scrolls of remove curse {unknown}
 m - a scroll of random uselessness {unknown}
 q - a scroll of fear {unknown}
 r - 2 scrolls of blinking {unknown}
 u - a scroll of enchant weapon {unknown}
 w - 2 scrolls of noise {unknown}
Potions
 f - a potion of degeneration {unknown}
 g - a potion of flight {unknown}
 i - 5 potions of haste {unknown}
 j - a potion of mutation {unknown}
 n - 2 potions of magic {unknown}
 p - a potion of brilliance {unknown}
 t - a potion of agility {unknown}
Comestibles
 b - 8 rations


   Skills:
 - Level 3.0(2.7) Fighting
 - Level 2.6(2.4) Dodging
 - Level 1.7(1.5) Stealth
 + Level 7.2(6.9) Unarmed Combat


You had 5 spell levels left.
You didn't know any spells.
Your spell library was empty.

Dungeon Overview and Level Annotations

Branches:
Dungeon (4/15)
 Temple: D:4-7

Altars:
Makhleb
Sif Muna
Uskayaw
Vehumet

Annotations:
D:4 Crazy Yiuf


Innate Abilities, Weirdness & Mutations

You are partially covered in yellow scales. (AC +2)


Message History

You barely miss Crazy Yiuf.
Crazy Yiuf is heavily wounded.
Crazy Yiuf barely misses you.
You barely miss Crazy Yiuf.
Crazy Yiuf is heavily wounded.
You hit Crazy Yiuf.
Crazy Yiuf is severely wounded.
Crazy Yiuf says, "Goldfish pontify snail!"
Crazy Yiuf hits you with a +4 quarterstaff of chaos.
You suddenly lose the ability to move!
Crazy Yiuf says, "I'm not crazy!"
Crazy Yiuf hits you with a +4 quarterstaff of chaos!
* * * LOW HITPOINT WARNING * * *
You feel your power leaking away.
Crazy Yiuf hits you with a +4 quarterstaff of chaos.
* * * LOW HITPOINT WARNING * * *
Crazy Yiuf burns you.
* * * LOW HITPOINT WARNING * * *
Crazy Yiuf hits you with a +4 quarterstaff of chaos!
You die...

...#.....##########.##.#.##.#
...#####.# #.##.#.##.##
.........# #.##.......#
...####### ##########.# ...#
#.# ...# #.## ...# #####
♣♣##..# ...# #)..#♣♣ ♣♣.....#
##.# #g@.'.♣♣♣♣.P....# #.#
#...#♣..♣.PP...## #.#
#####♣♣♣.♣.P..## ##.#
♣♣♣♣♣### .#.# #### .#.#
#..###### .#)# #.......# .#)#
#.......## ##### .#)#
#........# #...#


You could see Crazy Yiuf.

Vanquished Creatures
  An ogre (D:4)
  A phantom (D:4)
  A hound (D:4)
  A jelly (D:3)
  An orc priest (D:3)
  An iguana (D:4)
  A worker ant (D:2)
  Robin (D:4)
  5 adders
  An ooze (D:2)
  An adder skeleton (D:4)
  4 worms
  2 leopard geckos
  5 orcs
  5 giant cockroaches
  17 goblins
  11 hobgoblins
  9 jackals
  A quokka (D:3)
  A ball python (D:2)
  4 bats
  4 frilled lizards
  8 kobolds
  8 rats
  A fungus (D:4)
95 creatures vanquished.

Vanquished Creatures (others)
  A goblin (D:4)
1 creature vanquished.

Grand Total: 96 creatures vanquished

Notes
Turn   | Place    | Note
-------+----------+-------------------------------------------
     0 | D:1      | Kniotic the Demonspawn Monk began the quest for the Orb.
     0 | D:1      | Reached XP level 1. HP: 18/18 MP: 1/1
   562 | D:1      | Reached skill level 3 in Unarmed Combat
   603 | D:1      | Gained mutation: You are partially covered in yellow
                  | scales. (AC +2) [demonic ancestry]
   603 | D:1      | Reached XP level 2. HP: 16/24 MP: 2/2
  1163 | D:2      | Reached XP level 3. HP: 22/29 MP: 3/3
  1624 | D:2      | Reached skill level 4 in Unarmed Combat
  1689 | D:2      | Reached XP level 4. HP: 18/35 MP: 4/4
  2604 | D:3      | Reached skill level 5 in Unarmed Combat
  3159 | D:3      | Reached XP level 5. HP: 41/41 MP: 5/5
  3685 | D:3      | Found a faded altar of an unknown god.
  3685 | D:3      | Found a radiant altar of Vehumet.
  3699 | D:3      | Found a hide-covered altar of Uskayaw.
  3701 | D:3      | Found a deep blue altar of Sif Muna.
  3703 | D:3      | Found a burning altar of Makhleb.
  3913 | D:4      | Noticed an ogre
  3957 | D:4      | Identified the +0 helmet "Wocoala" {rF+ Str-2 Int+8}
  3957 | D:4      | Noticed Robin
  3985 | D:4      | Reached skill level 6 in Unarmed Combat
  3993 | D:4      | Killed Robin
  4015 | D:4      | Reached XP level 6. HP: 14/47 MP: 6/6
  4464 | D:4      | Reached skill level 7 in Unarmed Combat
  5054 | D:4      | Found a runed translucent door.
  5055 | D:4      | Noticed Crazy Yiuf
  5072 | D:4      | Paralysed by Crazy Yiuf for 4 turns
  5075 | D:4      | Mangled by Crazy Yiuf

Skill      XL: |  1  2  3  4  5  6 |
---------------+-------------------+-----
Unarmed Combat | 3 4 5 6 7 |  7.2
Fighting       | |  3.0
Dodging        | |  2.6
Stealth        | |  1.7

Action                   |  1- 3 |  4- 6 || total
-------------------------+-------+-------++-------
Melee: Unarmed           |   129 |   283 ||   412
       Punch             |       |     7 ||     7
Evoke: Wand              |       |     3 ||     3
 Stab: Sleeping          |     6 |     5 ||    11
       Distracted        |     1 |       ||     1
  Eat: Chunk             |     2 |    10 ||    12
Armor: Robe              |    24 |    41 ||    65
Dodge: Dodged            |    69 |   174 ||   243
